 Dungeon Crawl Stone Soup version 0.30.0-29-ga12c61a403 (webtiles) character file.

Game seed: 3275886482838803644

59286 qw the Peltast (level 14, -10/88 HPs)
             Began as a Gargoyle Fighter on June 3, 2023.
             Was an Elder of Okawaru.
             Mangled by a shard shrike (glowing shapeshifter) (32 damage)
             ... on level 1 of the Abyss.
             The game lasted 00:09:52 (14113 turns).

qw the Peltast (Gargoyle Fighter)                  Turns: 14113, Time: 00:09:52

Health: -10/88     AC: 40    Str: 23 (24) XL:     14   Next: 94%
Magic:  16/17      EV:  8    Int:  6      God:    Okawaru [****..]
Gold:   1142       SH: 24    Dex:  7 (9)  Spells: 13/13 levels left

rFire   x . .        a - +3 war axe (vamp)
rCold   . . .        h - +0 tower shield
rNeg    + . .        m - +0 plate armour
rPois   inf          t - +2 helmet
rElec   +            c - +0 cloak
rCorr   .            b - +1 pair of gloves {hurl}
SInv    +            p - +0 pair of boots
Will    +....        w - amulet of reflection Stlth
                     f - +4 ring of protection
HPRegen 0.34/turn    u - ring of see invisible
MPRegen 0.15/turn

%: random rage (3%), reflection
@: heroic, flying, unable to read
A: sickness immunity, AC +10, big wings, negative energy resistance 1,
electricity resistance, torment resistance 1, petrification resistance,
MP-powered wands, [berserk 1], [deterioration 1], [dopey 2], [low MP 2],
[screaming 1], ([teleportitis 1]), [heat vulnerability 1], [inability to read
after injury 2]
a: Renounce Religion, Heroism, Finesse


You were on level 1 of the Abyss.
You worshipped Okawaru.
Okawaru was greatly pleased with you.
You visited 3 branches of the dungeon, and saw 17 of its levels.
You visited the Abyss 1 time.

You collected 1226 gold pieces.
You spent 84 gold pieces at shops.


Innate Abilities, Weirdness & Mutations

You are immune to sickness and miasma.
Your stone body is resilient. (AC +10)
You are immune to poison.
Your large and strong wings let you fly.
You resist negative energy. (rN+)
You are resistant to electric shocks. (rElec)
You are resistant to unholy torment.
You are immune to petrification.
You expend magic power (3 MP) to strengthen your wands.
[You sometimes lose your temper in combat.]
[Your body sometimes deteriorates upon taking damage.]
[You are very dopey. (Int -4)]
[Your magical capacity is very low. (-20% MP)]
[You occasionally shout uncontrollably at your foes.]
[((You are occasionally teleported next to monsters.))]
[You are vulnerable to heat. (rF-)]
[You sometimes lose the ability to read scrolls when taking damage.]


   Skills:
 + Level 10.2(15.2) Fighting
 - Level 14.0(19.0) Axes
 - Level 4.2(9.2) Throwing
 - Level 10.0(15.0) Armour
 - Level 2.1(7.1) Dodging
 - Level 15.4(20.4) Shields
 - Level 10.0 Invocations


You had 13 spell levels left.
You didn't know any spells.
Your spell library was empty.

Inventory:

Hand Weapons
 a - a +3 vampiric war axe (weapon)
 y - a +4 flail of protection
Armour
 b - a +1 pair of gloves of hurling (worn)
 c - a +0 cloak (worn)
 h - a +0 tower shield (worn)
 m - a +0 plate armour (worn)
 p - a +0 pair of boots (worn)
 q - +0 acid dragon scales
 t - a +2 helmet (worn)
Jewellery
 f - a +4 ring of protection (left hand)
 u - a ring of see invisible (right hand)
 w - an amulet of reflection (around neck)
 B - a ring of resist corrosion
 C - a ring of fire
 D - a ring of ice
 Y - a ring of resist corrosion
Scrolls
 e - 2 scrolls of brand weapon
 l - 4 scrolls of teleportation
 n - 9 scrolls of identify
Potions
 d - 2 potions of might
 g - 11 potions of curing
 j - a potion of mutation
 k - 4 potions of lignification
 o - a potion of resistance
 r - 2 potions of cancellation
 v - a potion of magic
 x - 2 potions of haste
 z - 4 potions of attraction

Dungeon Overview and Level Annotations

Branches:
Dungeon (11/15)            Temple (1/1) D:7            Lair (5/5) D:10
  Swamp (0/4) Lair:2        Snake (0/4) Lair:2        Slime (0/5) Lair:5
    Orc: D:9-12

Altars:
Ashenzari
Cheibriados
Dithmenos
Elyvilon
Fedhas
Gozag
Hepliaklqana
Kikubaaqudgha
Makhleb
Nemelex Xobeh
Okawaru
Qazlal
Ru
Sif Muna
Trog
Uskayaw
Vehumet
Wu Jian
Xom
Yredelemnul
Zin
The Shining One

Shops:
D:5 =   D:9 ?

Annotations:
D:11 1 runed translucent door, Sonja


Message History

You are suddenly pulled into a different region of the Abyss!
Waypoint 17 assigned to Abyss:1.
You start resting.
A juggernaut comes into view.
14101 ||| Stepping ~*~*~tactically~*~*~ (stealth).
14102 ||| INVOKING Heroism.
You gain the combat prowess of a mighty hero.
The juggernaut hits you!
You feel threatened and lose the ability to read scrolls!
Your body deteriorates!
You feel clumsy. The juggernaut barely misses you.
You slash the juggernaut!
You feel better.
The juggernaut is lightly wounded.
You barely miss the juggernaut.
The juggernaut is lightly wounded.
The juggernaut changes into a shard shrike!
You slice the shard shrike!!
You feel better.
The shard shrike is lightly wounded.
The shard shrike claws you but does no damage.
You miss the shard shrike.
The shard shrike is lightly wounded.
The shard shrike closely misses you.
You miss the shard shrike.
The shard shrike is lightly wounded.
You block the shard shrike's attack.
The shard shrike claws you but does no damage.
You block the shard shrike's attack.
You slash the shard shrike!
The shard shrike is moderately wounded.
You block the shard shrike's attack. The shard shrike barely misses you.
You hit the shard shrike.
You feel better.
The shard shrike is moderately wounded.
You can read scrolls again.
The shard shrike claws you but does no damage.
The shard shrike claws you but does no damage.
You slice the shard shrike!!
The shard shrike is moderately wounded.
The shard shrike claws you! The shard shrike freezes you!!
You feel threatened and lose the ability to read scrolls!
You die...

# . #. . ...
.### # ..
####..# #.#
#.#....## ..
#........#
#..#....#...#
.....#.#.# .#
...#. .#b@# .
#.#...#..#
#...##...#
#.#.. .....
##..# #.##..
#.. .. ....
.# .# .## #.
.


You could see a shard shrike shaped shifter.

Vanquished Creatures
  Gastronok (Lair:2)
  A very ugly thing (Abyss:1)
  Harold (D:11)
  3 catoblepae (Lair:5)
  2 hydras
  A two-headed ogre (D:9)
  16 death yaks
  A boulder beetle (D:9)
  Nergalle (D:11)
  2 wretched stars (Abyss:1)
  3 skysharks
  A death drake (Abyss:1)
  2 lindwurms
  2 deep elf pyromancers (D:9)
  2 manticores (Lair:5)
  A worldbinder (Abyss:1)
  Joseph (D:7)
  3 black mambas
  11 elephants
  A gargoyle (D:9)
  A torpor snail (Lair:5)
  2 unseen horrors
  9 cane toads
  2 rime drakes (Lair:4)
  Maggie (D:7)
  4 ancient zymes (Abyss:1)
  13 komodo dragons
  2 trolls (D:11)
  2 polar bears
  3 raiju (Abyss:1)
  3 tyrant leeches (Lair:2)
  A blink frog (Abyss:1)
  5 dream sheep
  3 wraiths
  2 vampires
  A ynoxinul (Abyss:1)
  52 yaks
  7 wyverns
  6 basilisks
  5 steam dragons
  2 vampire mosquitoes (D:10)
  4 nagas (Lair:2)
  A neqoxec (Abyss:1)
  A chaos spawn (Abyss:1)
  An acid dragon (D:9)
  5 small abominations (Abyss:1)
  19 water moccasins
  4 orc warriors
  A large abomination (Abyss:1)
  2 sky beasts
  2 black bears
  An ogre (D:7)
  7 wolves
  3 ice beasts
  4 centaurs
  2 phantoms
  5 kobold brigands
  16 bullfrogs
  A gnoll sergeant (D:9)
  5 scorpions
  2 wights (D:9)
  8 killer bees
  7 electric eels
  A howler monkey (D:6)
  4 hounds
  4 jellies
  3 orc priests
  2 gnoll boudas
  An iron imp (Abyss:1)
  Ijyb (D:5)
  Natasha (twice) (D:2)
  3 iguanas
  10 orc wizards
  2 hell rats (Lair:5)
  Robin (D:2)
  9 gnolls
  11 adders
  5 river rats (Lair:5)
  A shadow imp (D:7)
  A white imp (Abyss:1)
  2 ufetubi (D:4)
  3 worms
  A dart slug (D:2)
  27 orcs
  A ball python (D:1)
  4 bats
  2 endoplasms (D:2)
  2 giant cockroaches
  14 goblins
  7 hobgoblins
  5 jackals
  3 quokkas
  5 kobolds
  11 rats
431 creatures vanquished.

Vanquished Creatures (others)
  A wyvern (D:10)
  A water moccasin (Lair:3)
2 creatures vanquished.

Grand Total: 433 creatures vanquished

Notes
Turn   | Place    | Note
-------+----------+-------------------------------------------
     0 | D:1      | qw the Gargoyle Fighter began the quest for the Orb.
     0 | D:1      | Reached XP level 1. HP: 14/14 MP: 1/1
     0 | D:1      | 0 ||| qw: Version: 0.2-a-103-g5a998e5
     0 | D:1      | 0 ||| qw: Game counter: 1053
     0 | D:1      | 0 ||| qw: Always use a shield: true
     0 | D:1      | 0 ||| qw: God list: Okawaru
     0 | D:1      | 0 ||| qw: Allow faded altars: false
     0 | D:1      | 0 ||| qw: Do Orc after D:15 true
     0 | D:1      | 0 ||| qw: Do second Lair branch before Depths: true
     0 | D:1      | 0 ||| qw: Lair rune preference: random
     0 | D:1      | 0 ||| qw: Plans: Normal, Zot:1-4, Slime:5, God:TSO, Crypt,
                  | Tomb, Pan, Hells, Abyss, Win
     0 | D:1      | 0 ||| PLANNING D:1-11
   549 | D:1      | 549 ||| Stepping ~*~*~tactically~*~*~ (stealth).
   550 | D:1      | 550 ||| Stepping ~*~*~tactically~*~*~ (stealth).
   628 | D:1      | Reached XP level 2. HP: 19/19 MP: 2/2
   688 | D:1      | 688 ||| UPGRADING to +4 ring of protection.
   689 | D:1      | 689 ||| READING scroll labelled EBORECK RENGI.
   690 | D:1      | 690 ||| READING scroll labelled AMAALAKL BOTEG.
   804 | D:2      | Reached skill level 3 in Axes
   813 | D:2      | Reached XP level 3. HP: 22/23 MP: 3/3
   824 | D:2      | 824 ||| Stepping ~*~*~tactically~*~*~ (stealth).
   825 | D:2      | 825 ||| Stepping ~*~*~tactically~*~*~ (stealth).
   918 | D:2      | Noticed Robin
   926 | D:2      | Killed Robin
   927 | D:2      | Reached XP level 4. HP: 28/28 MP: 4/4
   950 | D:2      | 950 ||| FLEEEEING.
   951 | D:2      | 951 ||| FLEEEEING.
   952 | D:2      | 952 ||| FLEEEEING.
   953 | D:2      | 953 ||| FLEEEEING.
   983 | D:2      | Noticed Natasha
   990 | D:2      | Killed Natasha
   999 | D:2      | Noticed Natasha
  1013 | D:2      | Killed Natasha
  1014 | D:2      | Reached XP level 5. HP: 32/32 MP: 5/5
  1237 | D:2      | 1237 ||| UPGRADING to +0 helmet.
  1242 | D:2      | 1242 ||| READING scroll labelled DIONAIXZUSS.
  1243 | D:2      | 1243 ||| READING scroll labelled GITAIC SOUSOTY.
  1244 | D:2      | 1244 ||| READING scroll labelled VEDUYFRU KIFADD.
  1247 | D:2      | 1247 ||| READING 2 scrolls labelled HEDOWY RUPLIOSK.
  1248 | D:2      | 1248 ||| READING 2 scrolls labelled PITAANA IPHEMA.
  1249 | D:2      | 1249 ||| READING scroll labelled JOEKUOM PAOZO.
  1250 | D:2      | 1250 ||| DROPPING scroll of butterflies.
  1578 | D:3      | 1578 ||| Stepping ~*~*~tactically~*~*~ (stealth).
  1579 | D:3      | 1579 ||| Stepping ~*~*~tactically~*~*~ (stealth).
  1580 | D:3      | 1580 ||| Stepping ~*~*~tactically~*~*~ (stealth).
  1628 | D:3      | Found a broken altar of Ashenzari.
  1879 | D:3      | 1879 ||| DROPPING amulet of magic regeneration.
  1880 | D:3      | 1880 ||| READING scroll labelled KEVIN TEYPT.
  1881 | D:3      | 1881 ||| READING 2 scrolls of identify.
  1881 | D:3      | 1881 ||| IDENTIFYING sedimented white potion
  1882 | D:3      | 1882 ||| DROPPING potion of brilliance.
  1931 | D:4      | Noticed a kobold brigand
  1945 | D:4      | Killed a kobold brigand
  1946 | D:4      | Reached XP level 6. HP: 39/39 MP: 6/6
  2266 | D:4      | 2266 ||| Stepping ~*~*~tactically~*~*~ (stealth).
  2319 | D:4      | 2319 ||| Stepping ~*~*~tactically~*~*~ (stealth).
  2333 | D:4      | Reached skill level 1 in Dodging
  2617 | D:4      | 2617 ||| UPGRADING to +0 plate armour.
  2627 | D:4      | 2627 ||| DROPPING +0 scale mail.
  2628 | D:4      | 2628 ||| UPGRADING to +0 pair of boots.
  2633 | D:4      | 2633 ||| READING scroll labelled GOSOMO CIONA.
  2651 | D:5      | Entered Level 5 of the Dungeon
  2705 | D:5      | Reached XP level 7. HP: 42/44 MP: 7/7
  2719 | D:5      | Reached skill level 6 in Axes
  2734 | D:5      | 2734 ||| DROPPING +0 whip.
  2757 | D:5      | Found Coxu's Jewellery Shoppe.
  2767 | D:5      | 2767 ||| SHOPLISTING +4 ring of protection (468 gold, have
                  | 245).
  2767 | D:5      | 2767 ||| SHOPLISTING ring of resist corrosion (260 gold,
                  | have 245).
  2814 | D:5      | Identified the +0 leather armour of Zaowkacs {Will- Regen+
                  | SInv Stlth+}
  3014 | D:5      | Noticed Ijyb
  3014 | D:5      | Paralysed by Ijyb for 5 turns
  3020 | D:5      | Paralysed by Ijyb for 5 turns
  3028 | D:5      | Killed Ijyb
  3364 | D:5      | Found a blossoming altar of Fedhas.
  3525 | D:5      | Reached XP level 8. HP: 48/48 MP: 8/8
  3668 | D:5      | 3668 ||| UPGRADING to +2 helmet.
  3678 | D:5      | 3678 ||| DROPPING +0 helmet.
  3679 | D:5      | 3679 ||| READING scroll labelled ALYCEZXEMI.
  3680 | D:5      | 3680 ||| DRINKING 2 blue potions.
  3681 | D:5      | 3681 ||| DRINKING 2 coppery potions.
  3682 | D:5      | 3682 ||| READING 2 scrolls of identify.
  3682 | D:5      | 3682 ||| IDENTIFYING fuming coppery potion
  3683 | D:5      | 3683 ||| DROPPING potion of ambrosia.
  3684 | D:5      | 3684 ||| DROPPING potion of flight.
  3763 | D:6      | 3763 ||| STAIRDANCE
  3803 | D:5      | 3803 ||| DRINKING 2 emerald potions.
  3875 | D:6      | 3875 ||| Stepping ~*~*~tactically~*~*~ (stealth).
  3877 | D:6      | 3877 ||| Stepping ~*~*~tactically~*~*~ (stealth).
  3878 | D:6      | 3878 ||| Stepping ~*~*~tactically~*~*~ (stealth).
  3879 | D:6      | 3879 ||| Stepping ~*~*~tactically~*~*~ (stealth).
  4053 | D:6      | Found a white marble altar of Elyvilon.
  4061 | D:6      | 4061 ||| Stepping ~*~*~tactically~*~*~ (stealth).
  4134 | D:6      | Reached skill level 6 in Fighting
  4303 | D:6      | 4303 ||| Stepping ~*~*~tactically~*~*~ (stealth).
  4304 | D:6      | 4304 ||| Stepping ~*~*~tactically~*~*~ (stealth).
  4305 | D:6      | 4305 ||| Stepping ~*~*~tactically~*~*~ (stealth).
  4306 | D:6      | 4306 ||| Stepping ~*~*~tactically~*~*~ (stealth).
  4379 | D:6      | Reached XP level 9. HP: 50/55 MP: 9/9
  4477 | D:6      | Reached skill level 9 in Axes
  4507 | D:6      | Found an opulent altar of Gozag.
  4508 | D:6      | 4508 ||| Stepping ~*~*~tactically~*~*~ (stealth).
  4525 | D:6      | 4525 ||| READING scroll labelled WENKAY ANIQIUTTE.
  4526 | D:6      | 4526 ||| READING scroll labelled NEATAB QAUN.
  4527 | D:6      | 4527 ||| READING scroll labelled USKESI ANIUT ZIPON.
  4528 | D:6      | 4528 ||| READING 2 scrolls of identify.
  4528 | D:6      | 4528 ||| IDENTIFYING fuming blue potion
  4529 | D:6      | 4529 ||| DROPPING potion of magic.
  4569 | D:7      | 4569 ||| STAIRDANCE
  4607 | D:7      | Reached skill level 4 in Shields
  4706 | D:7      | 4706 ||| Stepping ~*~*~tactically~*~*~ (hiding).
  4707 | D:7      | 4707 ||| Stepping ~*~*~tactically~*~*~ (hiding).
  4825 | D:7      | Found a staircase to the Ecumenical Temple.
  4826 | D:7      | 4826 ||| PLANNING TEMPLE
  4832 | Temple   | Entered the Ecumenical Temple
  4933 | Temple   | 4933 ||| PLANNING OKAWARU WORSHIP
  5061 | Temple   | Became a worshipper of Warmaster Okawaru
  5061 | Temple   | 5061 ||| PLANNING D:1-11
  5113 | D:7      | Reached skill level 6 in Armour
  5144 | D:7      | Noticed Maggie
  5176 | D:7      | Killed Maggie
  5215 | D:7      | Reached * piety under Okawaru
  5350 | D:7      | 5350 ||| READING scroll of enchant weapon.
  5350 | D:7      | 5350 ||| ENCHANTING +0 vampiric war axe.
  5541 | D:7      | Found a shadowy altar of Dithmenos.
  5557 | D:7      | Reached skill level 1 in Invocations
  5582 | D:7      | Noticed Joseph
  5605 | D:7      | Killed Joseph
  5606 | D:7      | Reached skill level 3 in Invocations
  5672 | D:7      | 5672 ||| UPGRADING to +0 tower shield.
  5682 | D:7      | 5682 ||| DROPPING +0 buckler.
  5683 | D:7      | 5683 ||| DRINKING 2 glowing dark potions.
  5691 | D:8      | 5691 ||| INVOKING Heroism.
  5696 | D:8      | Reached XP level 10. HP: 61/63 MP: 9/12
  5696 | D:8      | 5696 ||| Stepping ~*~*~tactically~*~*~ (cloud).
  5715 | D:8      | Reached ** piety under Okawaru
  5764 | D:8      | Reached skill level 5 in Shields
  5927 | D:8      | Reached skill level 6 in Shields
  5964 | D:8      | 5964 ||| INVOKING Heroism.
  6055 | D:8      | 6055 ||| Stepping ~*~*~tactically~*~*~ (stealth).
  6056 | D:8      | 6056 ||| Stepping ~*~*~tactically~*~*~ (stealth).
  6218 | D:8      | 6218 ||| UPGRADING to +0 cloak.
  6223 | D:8      | 6223 ||| UPGRADING to amulet of reflection.
  6228 | D:8      | 6228 ||| READING scroll labelled IPYTOMICWU.
  6271 | D:8      | 6271 ||| READING scroll labelled HELABATEICK.
  6272 | D:8      | 6272 ||| READING 2 scrolls of identify.
  6272 | D:8      | 6272 ||| IDENTIFYING fuming white potion
  6334 | D:9      | Noticed a gargoyle
  6343 | D:9      | 6343 ||| INVOKING Heroism.
  6346 | D:9      | Killed a gargoyle
  6347 | D:9      | Reached skill level 7 in Shields
  6438 | D:9      | 6438 ||| Stepping ~*~*~tactically~*~*~ (hiding).
  6440 | D:9      | 6440 ||| Stepping ~*~*~tactically~*~*~ (hiding).
  6441 | D:9      | 6441 ||| Stepping ~*~*~tactically~*~*~ (hiding).
  6443 | D:9      | 6443 ||| Stepping ~*~*~tactically~*~*~ (hiding).
  6444 | D:9      | 6444 ||| Stepping ~*~*~tactically~*~*~ (hiding).
  6445 | D:9      | 6445 ||| INVOKING Heroism.
  6475 | D:9      | 6475 ||| DROPPING +0 flail.
  6476 | D:9      | Noticed a boulder beetle
  6477 | D:9      | 6477 ||| Stepping ~*~*~tactically~*~*~ (stealth).
  6478 | D:9      | 6478 ||| INVOKING Heroism.
  6481 | D:9      | Noticed a deep elf pyromancer
  6493 | D:9      | Killed a deep elf pyromancer
  6494 | D:9      | Reached skill level 8 in Shields
  6496 | D:9      | Noticed a deep elf pyromancer
  6497 | D:9      | Reached skill level 9 in Shields
  6498 | D:9      | Killed a boulder beetle
  6498 | D:9      | Reached *** piety under Okawaru
  6506 | D:9      | Killed a deep elf pyromancer
  6507 | D:9      | Reached skill level 10 in Shields
  6507 | D:9      | Reached XP level 11. HP: 67/67 MP: 14/14
  6522 | D:9      | 6522 ||| Stepping ~*~*~tactically~*~*~ (hiding).
  6523 | D:9      | 6523 ||| Stepping ~*~*~tactically~*~*~ (hiding).
  6524 | D:9      | 6524 ||| Stepping ~*~*~tactically~*~*~ (hiding).
  6525 | D:9      | 6525 ||| Stepping ~*~*~tactically~*~*~ (hiding).
  6535 | D:9      | 6535 ||| Stepping ~*~*~tactically~*~*~ (stealth).
  6541 | D:9      | 6541 ||| Stepping ~*~*~tactically~*~*~ (stealth).
  6663 | D:9      | Found Zohuy's Magic Scroll Shop.
  6672 | D:9      | 6672 ||| BUYING scroll of identify (28 gold).
  6672 | D:9      | Bought a scroll of identify for 28 gold pieces
  6672 | D:9      | 6672 ||| BUYING scroll of identify (28 gold).
  6672 | D:9      | Bought a scroll of identify for 28 gold pieces
  6672 | D:9      | 6672 ||| BUYING scroll of identify (28 gold).
  6672 | D:9      | Bought a scroll of identify for 28 gold pieces
  6750 | D:9      | 6750 ||| Stepping ~*~*~tactically~*~*~ (stealth).
  6752 | D:9      | 6752 ||| Stepping ~*~*~tactically~*~*~ (hiding).
  6754 | D:9      | 6754 ||| Stepping ~*~*~tactically~*~*~ (hiding).
  6757 | D:9      | 6757 ||| INVOKING Heroism.
  6803 | D:9      | Reached skill level 11 in Shields
  6821 | D:9      | 6821 ||| Stepping ~*~*~tactically~*~*~ (hiding).
  6831 | D:9      | 6831 ||| INVOKING Heroism.
  7018 | D:9      | Noticed a two-headed ogre
  7023 | D:9      | 7023 ||| INVOKING Heroism.
  7040 | D:9      | Killed a two-headed ogre
  7161 | D:9      | Identified the +10 mace of the Growing Gods {heavy, Str+2}
  7182 | D:9      | 7182 ||| Stepping ~*~*~tactically~*~*~ (hiding).
  7235 | D:9      | Reached **** piety under Okawaru
  7291 | D:9      | Found a radiant altar of Vehumet.
  7292 | D:9      | Found an ornate altar of the Wu Jian Council.
  7341 | D:9      | 7341 ||| UPGRADING to ring of resist corrosion.
  7342 | D:9      | 7342 ||| DRINKING 2 clear potions.
  7343 | D:9      | 7343 ||| READING 8 scrolls of identify.
  7343 | D:9      | 7343 ||| IDENTIFYING purple potion
  7344 | D:9      | 7344 ||| READING 7 scrolls of identify.
  7344 | D:9      | 7344 ||| IDENTIFYING glowing white potion
  7345 | D:9      | 7345 ||| READING 6 scrolls of identify.
  7345 | D:9      | 7345 ||| IDENTIFYING metallic brown potion
  7346 | D:9      | 7346 ||| READING 5 scrolls of identify.
  7346 | D:9      | 7346 ||| IDENTIFYING viscous amethyst potion
  7347 | D:9      | 7347 ||| READING 4 scrolls of identify.
  7347 | D:9      | 7347 ||| IDENTIFYING fizzy coppery potion
  7348 | D:9      | 7348 ||| DROPPING potion of berserk rage.
  7349 | D:9      | 7349 ||| DROPPING potion of degeneration.
  7368 | D:10     | Entered Level 10 of the Dungeon
  7393 | D:10     | Reached skill level 12 in Shields
  7456 | D:10     | Found a staircase to the Lair.
  7658 | D:10     | Found a glowing silver altar of Zin.
  7892 | D:10     | Reached skill level 1 in Throwing
  7898 | D:10     | Found a sparkling altar of Nemelex Xobeh.
  7954 | D:10     | 7954 ||| INVOKING Heroism.
  7955 | D:10     | 7955 ||| Stepping ~*~*~tactically~*~*~ (cloud).
  7958 | D:10     | 7958 ||| Stepping ~*~*~tactically~*~*~ (cloud).
  7967 | D:10     | Received a gift from Okawaru
  7968 | D:10     | Reached skill level 6 in Invocations
  8014 | D:10     | 8014 ||| INVOKING Heroism.
  8015 | D:10     | 8015 ||| Stepping ~*~*~tactically~*~*~ (water).
  8348 | D:10     | 8348 ||| PLANNING LAIR
  8348 | D:10     | 8348 ||| DROPPING +2 helmet.
  8349 | D:10     | 8349 ||| UPGRADING to ring of see invisible.
  8351 | D:10     | 8351 ||| READING 4 scrolls of identify.
  8351 | D:10     | 8351 ||| IDENTIFYING silvery potion
  8352 | D:10     | 8352 ||| DROPPING potion of invisibility.
  8391 | Lair:1   | Entered Level 1 of the Lair of Beasts
  8424 | Lair:1   | 8424 ||| INVOKING Heroism.
  8451 | Lair:1   | 8451 ||| READING scroll of enchant weapon.
  8451 | Lair:1   | 8451 ||| ENCHANTING +1 vampiric war axe.
  8468 | Lair:1   | 8468 ||| INVOKING Heroism.
  8493 | Lair:1   | 8493 ||| INVOKING Heroism.
  8562 | Lair:1   | 8562 ||| Stepping ~*~*~tactically~*~*~ (stealth).
  8563 | Lair:1   | 8563 ||| INVOKING Heroism.
  8599 | Lair:1   | Reached XP level 12. HP: 42/72 MP: 17/17
  8599 | Lair:1   | 8599 ||| INVOKING Heroism.
  8956 | Lair:1   | 8956 ||| DROPPING ring of flight.
  9020 | Lair:2   | Reached skill level 13 in Shields
  9084 | Lair:2   | Noticed Gastronok
  9085 | Lair:2   | 9085 ||| INVOKING Heroism.
  9094 | Lair:2   | HP: 16/72 [Gastronok/the air (21)]
  9095 | Lair:2   | 9095 ||| READING 2 scrolls of teleportation.
  9096 | Lair:2   | 9096 ||| DRINKING 3 potions of heal wounds.
  9184 | Lair:2   | 9184 ||| INVOKING Heroism.
  9206 | Lair:2   | Killed Gastronok
  9244 | Lair:2   | Noticed a six-headed hydra
  9245 | Lair:2   | 9245 ||| INVOKING Heroism.
  9249 | Lair:2   | 9249 ||| SWAPPING to +4 flail of protection.
  9256 | Lair:2   | Killed a six-headed hydra
  9256 | Lair:2   | Reached ***** piety under Okawaru
  9257 | Lair:2   | Reached skill level 9 in Invocations
  9257 | Lair:2   | 9257 ||| SWAPPING to +2 vampiric war axe.
  9324 | Lair:2   | 9324 ||| INVOKING Heroism.
  9360 | Lair:2   | Noticed a skyshark
  9374 | Lair:2   | 9374 ||| INVOKING Heroism.
  9377 | Lair:2   | Killed a skyshark
  9390 | Lair:2   | Noticed a death yak
  9396 | Lair:2   | Noticed a death yak
  9397 | Lair:2   | Noticed a death yak
  9397 | Lair:2   | Noticed a death yak
  9400 | Lair:2   | Noticed a death yak
  9408 | Lair:2   | 9408 ||| INVOKING Finesse.
  9418 | Lair:2   | Killed a death yak
  9426 | Lair:2   | Killed a death yak
  9426 | Lair:2   | Received a gift from Okawaru
  9431 | Lair:2   | Killed a death yak
  9434 | Lair:2   | Killed a death yak
  9438 | Lair:2   | Killed a death yak
  9454 | Lair:2   | Reached XP level 13. HP: 78/78 MP: 17/20
  9496 | Lair:2   | Found a staircase to the Swamp.
  9576 | Lair:2   | 9576 ||| INVOKING Heroism.
  9752 | Lair:2   | 9752 ||| Stepping ~*~*~tactically~*~*~ (stealth).
  9795 | Lair:2   | Reached skill level 3 in Throwing
  9797 | Lair:2   | 9797 ||| INVOKING Heroism.
  9992 | Lair:2   | Found a staircase to the Snake Pit.
 10085 | Lair:2   | 10085 ||| UPGRADING to +0 pair of gloves of hurling.
 10163 | Lair:3   | 10163 ||| INVOKING Heroism.
 10355 | Lair:3   | 10355 ||| INVOKING Heroism.
 10414 | Lair:3   | 10414 ||| Stepping ~*~*~tactically~*~*~ (stealth).
 10417 | Lair:3   | 10417 ||| INVOKING Heroism.
 10430 | Lair:3   | Reached skill level 9 in Fighting
 10519 | Lair:3   | 10519 ||| Stepping ~*~*~tactically~*~*~ (stealth).
 10522 | Lair:3   | 10522 ||| Stepping ~*~*~tactically~*~*~ (hiding).
 11318 | Lair:4   | 11318 ||| INVOKING Heroism.
 11331 | Lair:4   | Reached skill level 9 in Armour
 11336 | Lair:4   | 11336 ||| INVOKING Finesse.
 11345 | Lair:4   | Received a gift from Okawaru
 11346 | Lair:4   | Reached skill level 14 in Shields
 11373 | Lair:4   | Received a gift from Okawaru
 11429 | Lair:4   | Reached skill level 12 in Axes
 11488 | Lair:4   | 11488 ||| Stepping ~*~*~tactically~*~*~ (stealth).
 11489 | Lair:4   | 11489 ||| Stepping ~*~*~tactically~*~*~ (stealth).
 11575 | Lair:4   | 11575 ||| INVOKING Heroism.
 11947 | Lair:4   | 11947 ||| INVOKING Heroism.
 12067 | Lair:5   | Entered Level 5 of the Lair of Beasts
 12068 | Lair:5   | 12068 ||| INVOKING Heroism.
 12086 | Lair:5   | Gained mutation: Your large and strong wings let you fly.
                  | [Gargoyle growth]
 12086 | Lair:5   | Reached XP level 14. HP: 87/87 MP: 21/21
 12089 | Lair:5   | 12089 ||| Stepping ~*~*~tactically~*~*~ (stealth).
 12193 | Lair:5   | 12193 ||| INVOKING Heroism.
 12194 | Lair:5   | 12194 ||| INVOKING Finesse.
 12204 | Lair:5   | 12204 ||| SWAPPING to +4 flail of protection.
 12210 | Lair:5   | 12210 ||| SWAPPING to +2 vampiric war axe.
 12492 | Lair:5   | 12492 ||| INVOKING Heroism.
 12551 | Lair:5   | 12551 ||| Stepping ~*~*~tactically~*~*~ (stealth).
 12552 | Lair:5   | 12552 ||| Stepping ~*~*~tactically~*~*~ (stealth).
 12553 | Lair:5   | 12553 ||| INVOKING Heroism.
 12557 | Lair:5   | 12557 ||| Stepping ~*~*~tactically~*~*~ (stealth).
 12628 | Lair:5   | 12628 ||| INVOKING Heroism.
 12629 | Lair:5   | 12629 ||| Stepping ~*~*~tactically~*~*~ (stealth).
 12717 | Lair:5   | 12717 ||| INVOKING Heroism.
 12803 | Lair:5   | 12803 ||| INVOKING Heroism.
 12830 | Lair:5   | 12830 ||| READING scroll of enchant weapon.
 12830 | Lair:5   | 12830 ||| ENCHANTING +2 vampiric war axe.
 12920 | Lair:5   | Identified the +0 short sword "Ydyceizu" {freeze, rPois}
 12923 | Lair:5   | 12923 ||| INVOKING Heroism.
 12943 | Lair:5   | Reached skill level 15 in Shields
 12948 | Lair:5   | 12948 ||| INVOKING Finesse.
 12951 | Lair:5   | Received a gift from Okawaru
 12999 | Lair:5   | Found a staircase to the Slime Pits.
 13003 | Lair:5   | 13003 ||| INVOKING Heroism.
 13214 | Lair:5   | 13214 ||| PLANNING D:1-11
 13352 | D:11     | 13352 ||| READING scroll of enchant armour.
 13352 | D:11     | 13352 ||| ENCHANTING +0 pair of gloves of hurling.
 13364 | D:11     | Noticed Nergalle
 13365 | D:11     | 13365 ||| Stepping ~*~*~tactically~*~*~ (hiding).
 13391 | D:11     | Killed Nergalle
 13407 | D:11     | Found a runed translucent door.
 13473 | D:11     | Noticed Harold
 13489 | D:11     | Killed Harold
 13604 | D:11     | Noticed Sonja
 13616 | D:11     | 13616 ||| DRINKING 12 potions of curing.
 13616 | D:11     | 13616 ||| (to cure confusion)
 13636 | Abyss:1  | Cast into level 1 of the Abyss (Sonja)
 13640 | Abyss:1  | Found a corrupted altar of Lugonu.
 13644 | Abyss:1  | Found a corrupted altar of Lugonu.
 13695 | Abyss:1  | 13695 ||| INVOKING Heroism.
 13714 | Abyss:1  | 13714 ||| Stepping ~*~*~tactically~*~*~ (stealth).
 13715 | Abyss:1  | 13715 ||| Stepping ~*~*~tactically~*~*~ (stealth).
 13718 | Abyss:1  | 13718 ||| Stepping ~*~*~tactically~*~*~ (stealth).
 13719 | Abyss:1  | 13719 ||| Stepping ~*~*~tactically~*~*~ (stealth).
 13720 | Abyss:1  | 13720 ||| Stepping ~*~*~tactically~*~*~ (stealth).
 13721 | Abyss:1  | 13721 ||| Stepping ~*~*~tactically~*~*~ (stealth).
 13744 | Abyss:1  | Noticed an angel
 13763 | Abyss:1  | 13763 ||| INVOKING Heroism.
 13780 | Abyss:1  | HP: 17/88 [angel/+2 whip of holy wrath (9)]
 13780 | Abyss:1  | HP: 1/88 [angel/+2 whip of holy wrath (16)]
 13781 | Abyss:1  | 13781 ||| READING 5 scrolls of teleportation.
 13782 | Abyss:1  | 13782 ||| DRINKING 2 potions of heal wounds.
 13783 | Abyss:1  | 13783 ||| INVOKING Heroism.
 13787 | Abyss:1  | HP: 16/88 [angel/+2 whip of holy wrath (11)]
 13788 | Abyss:1  | 13788 ||| DRINKING potion of heal wounds.
 13801 | Abyss:1  | Found a corrupted altar of Lugonu.
 13849 | Abyss:1  | 13849 ||| Stepping ~*~*~tactically~*~*~ (stealth).
 13852 | Abyss:1  | 13852 ||| INVOKING Heroism.
 13943 | Abyss:1  | Gained mutation: Your spells are a little easier to cast,
                  | but a little less powerful. [a neqoxec]
 13946 | Abyss:1  | Gained mutation: You are weak. (Str -2) [a neqoxec]
 13950 | Abyss:1  | Gained mutation: You occasionally lose the ability to drink
                  | potions when taking damage. [a neqoxec]
 13962 | Abyss:1  | 13962 ||| DRINKING 2 potions of mutation.
 13962 | Abyss:1  | Lost mutation: You are weak. (Str -2) [potion of mutation]
 13962 | Abyss:1  | Lost mutation: Your spells are a little easier to cast, but
                  | a little less powerful. [potion of mutation]
 13962 | Abyss:1  | Lost mutation: You sometimes lose the ability to drink
                  | potions when taking damage. [potion of mutation]
 13962 | Abyss:1  | Gained mutation: You expend magic power (3 MP) to
                  | strengthen your wands. [potion of mutation]
 13996 | Abyss:1  | Noticed a cyan very ugly thing
 14033 | Abyss:1  | 14033 ||| INVOKING Heroism.
 14036 | Abyss:1  | Killed a cyan very ugly thing
 14051 | Abyss:1  | 14051 ||| Stepping ~*~*~tactically~*~*~ (hiding).
 14073 | Abyss:1  | HP: 15/88 [wretched star/lance of force (18)]
 14080 | Abyss:1  | 14080 ||| Stepping ~*~*~tactically~*~*~ (stealth).
 14100 | Abyss:1  | Noticed a juggernaut
 14101 | Abyss:1  | 14101 ||| Stepping ~*~*~tactically~*~*~ (stealth).
 14102 | Abyss:1  | 14102 ||| INVOKING Heroism.
 14102 | Abyss:1  | HP: 8/88 [juggernaut (glowing shapeshifter) (16)]
 14104 | Abyss:1  | a juggernaut changed into a shard shrike
 14104 | Abyss:1  | Noticed a shard shrike (glowing shapeshifter)
 14113 | Abyss:1  | HP: 22/88 [shard shrike (glowing shapeshifter) (7)]
 14113 | Abyss:1  | Mangled by a shard shrike (glowing shapeshifter)

Levels and vault maps discovered:
D:1:      erik_arrival_orb_chamber, layout_basic
D:2:      layout_basic, minmay_heptomino_h4, uniq_robin, uniq_natasha
D:3:      layout_basic, mainiacjoe_overflow_alcove_2, minmay_bisected
D:4:      layout_loops_ring, minmay_misc_feat_tower
D:5:      layout_cave_pods, lemuel_coloured_pillars_altar, serial_shops,
          nicolae_shop_waterfront, corexii_shack, uniq_ijyb
D:6:      layout_rooms, lemuel_round_altar, elyvilon_altar_1,
          minmay_a_box_with_orc_wizards_in_it
D:7:      layout_basic, grunt_dithmenos_smoke_and_mirrors,
          minmay_temple_entry_tees, uniq_joseph, uniq_maggie
D:8:      layout_rooms, serial_corexii_hall, corexii_hall_statues_u,
          chequers_hall_statues_corner_a
D:9:      hangedman_cross_cluster, layout_loops_ring,
          gammafunk_temple_overflow_pools, serial_shops, shop, enter_bailey_3,
          minivault_19
D:10:     layout_basic, zin_treasury, mainiacjoe_overflow_brackets,
          minmay_lair_entry_grove, kennysheep_generic_room_4
D:11:     layout_roguey, minmay_orc_entry_temple_small,
          ebering_ghost_reflecting_pool, enter_trove_5,
          nicolae_underground_beach, uniq_sonja, uniq_harold, uniq_nergalle
Temple:   nicolae_temple_figure_eight
Lair:1:   layout_hall_layers
Lair:2:   layout_gridlike, minmay_swamp_entry_worms,
          minmay_snake_entry_guardpost_medium, dreamdust_mushroom_princess,
          uniq_gastronok
Lair:3:   layout_cave_pods, beast_lair_carwin_9, lemuel_fruit_fields,
          grunt_megastairs_4, serial_bayou_shore_a
Lair:4:   layout_big_grid, st_stairs_4, grunt_megastairs_5,
          infiniplex_staircase_pool
Lair:5:   evilmike_catoblepas_cave, layout_hall_layers, slime_entry_1,
          kennysheep_rathole
Abyss:1:  base:
Lair:4

Skill      XL: |  1  2  3  4  5  6  7  8  9 10 11 12 13 14 |
---------------+-------------------------------------------+-----
Axes           | 2 3 4 5 7 8 9 10 11 12 14 | 14.0
Fighting       | 4 6 7 8 9 10 | 10.2
Dodging        | 1 2 |  2.1
Armour         | 4 5 6 7 8 9 10 | 10.0
Shields        | 4 10 12 13 14 15 | 15.4
Invocations    | 3 4 7 10 | 10.0
Throwing       | 1 2 4 |  4.2

Action                     |  1- 3 |  4- 6 |  7- 9 | 10-12 | 13-15 || total
---------------------------+-------+-------+-------+-------+-------++-------
  Melee: War axe           |    67 |   152 |   340 |   682 |   950 ||  2191
         Flail             |       |       |       |     7 |     5 ||    12
  Throw: Javelin           |       |       |       |    21 |    59 ||    80
         Boomerang         |       |       |       |     8 |    24 ||    32
 Invoke: Heroism           |       |       |     1 |    19 |    23 ||    43
         Finesse           |       |       |       |     1 |     3 ||     4
    Use: Scroll            |     2 |     9 |     7 |    11 |     3 ||    32
         Potion            |       |       |     4 |     2 |     4 ||    10
 Armour: Scale mail        |    34 |    78 |       |       |       ||   112
         Plate armour      |       |    14 |   307 |   357 |   424 ||  1102
  Dodge: Dodged            |    31 |    87 |   123 |    92 |   143 ||   476
  Block: Buckler           |    16 |    37 |    57 |       |       ||   110
         Tower shield      |       |       |       |   726 |   949 ||  1675
         Reflection        |       |       |       |    13 |     5 ||    18

Table legend:
 A = Non-vault XP
 B = Vault XP
 C = Vault XP percentage of total XP
 D = Non-vault monster count
 E = Vault monster count
 F = Vault count percentage of total count
                 A         B        C        D         E       F
            +---------+---------+-------+---------+---------+-------
      Total |   53971 |   30724 |  36.3 |     305 |     128 |  29.6
            +---------+---------+-------+---------+---------+-------
        D:1 |      10 |       0 |   0.0 |       6 |       0 |   0.0
        D:2 |      97 |      76 |  43.9 |      22 |      15 |  40.5
        D:3 |      40 |       8 |  16.7 |       9 |       2 |  18.2
        D:4 |     194 |       0 |   0.0 |      11 |       0 |   0.0
        D:5 |     857 |      41 |   4.6 |      25 |       2 |   7.4
        D:6 |    1294 |     141 |   9.8 |      22 |       4 |  15.4
        D:7 |     904 |     867 |  49.0 |      13 |       2 |  13.3
        D:8 |    1142 |       0 |   0.0 |      14 |       0 |   0.0
        D:9 |    1340 |    4588 |  77.4 |      10 |      28 |  73.7
       D:10 |    1658 |    2135 |  56.3 |      14 |      13 |  48.1
       D:11 |    1246 |    1676 |  57.4 |       8 |       2 |  20.0
     Lair:1 |    4787 |       0 |   0.0 |      22 |       0 |   0.0
     Lair:2 |   10517 |    3074 |  22.6 |      34 |       8 |  19.0
     Lair:3 |    4305 |    3185 |  42.5 |      14 |      12 |  46.2
     Lair:4 |    8208 |    3791 |  31.6 |      32 |       8 |  20.0
     Lair:5 |    9595 |   11142 |  53.7 |      24 |      32 |  57.1
    Abyss:1 |    7777 |       0 |   0.0 |      25 |       0 |   0.0
            +---------+---------+-------+---------+---------+-------
